General information
- name: BNet
- type: Ladder team game (AT/RT)
- host: Battle.net
- saver: DrKlein
map: MarketSquare
- players: 8
- length: 29:10
- speed: Fast
- version: 1.26 W3XP
- replay type: Public
» download(181 KB)
Players
team 1 (winner)

»
LEVYATANN (
yellow | 33 APM | 949 actions | 29:10)
5 Blademaster
1 Wind Walk
3 Critical Strike
1 Mirror Image
4 Shadow Hunter
2 Healing Wave
2 Hex
» actions
| Assign group hotkey | 28 | |
| Basic commands | 5 | |
| Build / train | 82 | |
| ESC pressed | 2 | |
| Enter build submenu | 24 | |
| Enter hero's abilities submenu | 11 | |
| Give item / drop item | 3 | |
| Remove unit from queue | 2 | |
| Right click | 365 | |
| Select / deselect | 201 | |
| Select group hotkey | 135 | |
| Use ability | 91 | |
949 total
» units
| Peon | 15 | |
| Troll Batrider | 21 | |
| Raider | 5 | |
41 total
» upgrades
| Spiked Barricades | 1 | |
| Ranged Weapons | 3 | |
| Liquid Fire | 1 | |
| Armor | 3 | |
| Ensnare | 1 | |
| Melee Weapons | 3 | |
| Pillage | 1 | |
13 total
» buildings
| Orc Burrow | 8 | |
| Altar of Storms | 1 | |
| War Mill | 1 | |
| Voodoo Lounge | 1 | |
| Watch Tower | 13 | |
| Stronghold | 1 | |
| Great Hall | 1 | |
| Beastiary | 2 | |
| Fortress | 1 | |
29 total
» build order
00:09 Orc Burrow
00:16 Altar of Storms
00:50 War Mill
01:05 Voodoo Lounge
02:42 Watch Tower
02:45 Watch Tower
03:32 Stronghold
03:37 Watch Tower
04:32 Orc Burrow
04:35 Orc Burrow
04:42 Watch Tower
05:46 Great Hall
06:05 Beastiary
06:08 Beastiary
06:23 Watch Tower
06:25 Watch Tower
06:41 Orc Burrow
06:57 Fortress
07:25 Orc Burrow
07:44 Orc Burrow
10:47 Orc Burrow
12:05 Orc Burrow
12:07 Watch Tower
12:09 Watch Tower
12:10 Watch Tower
20:33 Watch Tower
20:35 Watch Tower
20:36 Watch Tower
20:41 Watch Tower
» items
| Healing Salve | 2 | |
| Lesser Clarity Potion | 2 | |
| Potion of Lesser Invulnerability | 2 | |
| Orb of Lightning | 1 | |
| Boots of Speed | 2 | |
| Periapt of Vitality | 2 | |
| Scroll of Town Portal | 1 | |
| Circlet of Nobility | 1 | |
13 total
ShAdOw-KilLa (
purple | 27 APM | 787 actions | 29:10)
5 Death Knight
3 Unholy Aura
2 Death Coil
» actions
| Build / train | 57 | |
| Enter build submenu | 35 | |
| Enter hero's abilities submenu | 5 | |
| Give item / drop item | 2 | |
| Remove unit from queue | 2 | |
| Right click | 374 | |
| Select / deselect | 257 | |
| Use ability | 55 | |
787 total
» units
| Acolyte | 10 | |
| Ghoul | 21 | |
| Frost Wyrm | 6 | |
37 total
» upgrades
| Creature Attack | 2 | |
| Creature Carapace | 1 | |
| Freezing Breath | 1 | |
4 total
» buildings
| Crypt | 3 | |
| Ziggurat | 11 | |
| Altar of Darkness | 1 | |
| Tomb of Relics | 1 | |
| Halls of the Dead | 1 | |
| Black Citadel | 1 | |
| Sacrificial Pit | 1 | |
| Graveyard | 2 | |
| Boneyard | 2 | |
| Necropolis | 1 | |
24 total
» build order
00:09 Crypt
00:12 Ziggurat
00:27 Altar of Darkness
01:58 Ziggurat
02:12 Tomb of Relics
04:14 Halls of the Dead
05:23 Ziggurat
06:59 Black Citadel
07:55 Sacrificial Pit
08:58 Graveyard
09:48 Boneyard
09:57 Boneyard
10:01 Ziggurat
12:46 Ziggurat
14:13 Ziggurat
17:03 Ziggurat
18:58 Ziggurat
20:46 Necropolis
22:25 Ziggurat
22:28 Ziggurat
23:22 Ziggurat
23:36 Crypt
23:43 Crypt
25:44 Graveyard
» items
| Rod of Necromancy | 1 | |
| Potion of Healing | 2 | |
| Periapt of Vitality | 1 | |
| Boots of Speed | 1 | |
| Scroll of Town Portal | 2 | |
7 total
GBYEJEWSGBYEJEW (
teal | 142 APM | 4132 actions | 29:10)
6 Archmage
1 Summon Water Elemental
3 Brilliance Aura
1 Blizzard
1 Mass Teleport
6 Paladin
3 Holy Light
1 Divine Shield
1 Devotion Aura
1 Resurrection
4 Mountain King
2 Storm Bolt
2 Bash
» actions
| Assign group hotkey | 29 | |
| Basic commands | 78 | |
| Build / train | 124 | |
| ESC pressed | 3 | |
| Enter build submenu | 62 | |
| Enter hero's abilities submenu | 17 | |
| Give item / drop item | 5 | |
| Right click | 1542 | |
| Select / deselect | 381 | |
| Select group hotkey | 1713 | |
| Use ability | 178 | |
4132 total
» units
| Peasant | 19 | |
| Footman | 6 | |
| Gryphon Rider | 2 | |
| Dragonhawk Rider | 4 | |
| Knight | 3 | |
| Rifleman | 1 | |
35 total
» upgrades
| Defend | 2 | |
| Masonry | 3 | |
| Lumber Harvesting | 2 | |
| Animal War Training | 1 | |
| Armor | 3 | |
| Cloud | 1 | |
| Storm Hammers | 1 | |
| Swords | 3 | |
| Plating | 3 | |
| Gunpowder | 2 | |
| Long Rifles | 1 | |
22 total
» buildings
| Farm | 14 | |
| Altar of Kings | 1 | |
| Lumber Mill | 2 | |
| Scout Tower | 26 | |
| Barracks | 3 | |
| Arcane Tower | 2 | |
| Town Hall | 2 | |
| Keep | 2 | |
| Guard Tower | 13 | |
| Arcane Vault | 4 | |
| Blacksmith | 2 | |
| Castle | 1 | |
| Gryphon Aviary | 3 | |
| Workshop | 1 | |
| Cannon Tower | 5 | |
81 total
» build order
00:44 Farm
00:52 Altar of Kings
01:06 Lumber Mill
01:21 Farm
01:31 Scout Tower
01:57 Barracks
01:59 Arcane Tower
02:08 Farm
03:13 Farm
04:09 Farm
04:15 Town Hall
04:54 Scout Tower
05:02 Scout Tower
05:24 Keep
05:25 Keep
05:26 Guard Tower
05:30 Scout Tower
05:34 Arcane Tower
06:02 Guard Tower
06:04 Farm
06:38 Arcane Vault
06:52 Farm
06:55 Scout Tower
07:23 Blacksmith
07:31 Farm
07:32 Guard Tower
07:34 Scout Tower
07:53 Castle
07:58 Gryphon Aviary
08:17 Guard Tower
08:19 Farm
08:30 Blacksmith
08:36 Lumber Mill
08:53 Farm
08:56 Gryphon Aviary
09:26 Gryphon Aviary
12:19 Workshop
13:47 Scout Tower
16:14 Guard Tower
16:16 Scout Tower
17:11 Cannon Tower
17:12 Scout Tower
17:17 Farm
17:56 Town Hall
18:03 Scout Tower
18:04 Arcane Vault
18:06 Scout Tower
18:11 Scout Tower
18:29 Farm
18:31 Cannon Tower
18:34 Scout Tower
18:38 Cannon Tower
18:40 Scout Tower
18:41 Scout Tower
19:14 Guard Tower
19:16 Scout Tower
19:17 Scout Tower
19:19 Scout Tower
19:48 Farm
19:51 Guard Tower
19:55 Cannon Tower
21:16 Barracks
21:18 Barracks
21:33 Arcane Vault
22:40 Farm
26:17 Scout Tower
26:20 Scout Tower
26:24 Scout Tower
26:30 Scout Tower
26:35 Scout Tower
26:49 Guard Tower
26:50 Arcane Vault
26:52 Cannon Tower
27:02 Guard Tower
27:04 Scout Tower
27:22 Guard Tower
27:24 Scout Tower
27:47 Guard Tower
27:52 Guard Tower
27:55 Scout Tower
28:33 Guard Tower
» items
| Scroll of Regeneration | 4 | |
| Mechanical Critter | 4 | |
| Potion of Healing | 2 | |
| Staff of Teleportation | 1 | |
| Potion of Lesser Invulnerability | 1 | |
| Tiny Great Hall | 1 | |
| Boots of Speed | 1 | |
| Orb of Fire | 1 | |
| Orb of Lightning | 1 | |
16 total

»
IceDragon69 (
green | 25 APM | 728 actions | 29:10)
4 Death Knight
2 Death Coil
2 Unholy Aura
» actions
| Assign group hotkey | 3 | |
| Basic commands | 3 | |
| Build / train | 45 | |
| Enter build submenu | 31 | |
| Enter hero's abilities submenu | 4 | |
| Give item / drop item | 1 | |
| Remove unit from queue | 1 | |
| Right click | 372 | |
| Select / deselect | 211 | |
| Select group hotkey | 20 | |
| Use ability | 37 | |
728 total
» units
| Acolyte | 9 | |
| Ghoul | 4 | |
| Crypt Fiend | 8 | |
| Frost Wyrm | 6 | |
27 total
» upgrades
| Creature Attack | 3 | |
| Creature Carapace | 3 | |
| Web | 1 | |
| Freezing Breath | 1 | |
8 total
» buildings
| Ziggurat | 17 | |
| Crypt | 1 | |
| Altar of Darkness | 2 | |
| Graveyard | 1 | |
| Tomb of Relics | 1 | |
| Halls of the Dead | 2 | |
| Sacrificial Pit | 1 | |
| Black Citadel | 1 | |
| Spirit Tower | 1 | |
| Boneyard | 3 | |
| Necropolis | 1 | |
31 total
» build order
00:16 Ziggurat
00:23 Crypt
00:29 Altar of Darkness
01:08 Ziggurat
02:20 Graveyard
02:38 Ziggurat
03:15 Tomb of Relics
03:27 Ziggurat
03:38 Halls of the Dead
06:15 Sacrificial Pit
09:37 Ziggurat
09:43 Ziggurat
10:49 Black Citadel
11:28 Ziggurat
11:31 Ziggurat
11:33 Ziggurat
11:36 Ziggurat
11:40 Ziggurat
12:38 Spirit Tower
14:23 Boneyard
14:30 Boneyard
14:34 Boneyard
24:12 Altar of Darkness
25:16 Ziggurat
25:21 Ziggurat
25:25 Ziggurat
25:28 Ziggurat
25:32 Ziggurat
25:37 Ziggurat
25:48 Necropolis
27:58 Halls of the Dead
» items
team 2 (loser)
DrKlein (
pink | 58 APM | 1688 actions | 29:10)
5 Death Knight
2 Death Coil
3 Unholy Aura
» actions
| Assign group hotkey | 229 | |
| Basic commands | 45 | |
| Build / train | 68 | |
| ESC pressed | 1 | |
| Enter build submenu | 29 | |
| Enter hero's abilities submenu | 6 | |
| Remove unit from queue | 1 | |
| Right click | 764 | |
| Select / deselect | 292 | |
| Select group hotkey | 185 | |
| Use ability | 67 | |
1688 total
» units
| Acolyte | 8 | |
| Ghoul | 5 | |
| Obsidian Statue | 10 | |
| Abomination | 2 | |
25 total
» upgrades
| Creature Attack | 3 | |
| Creature Carapace | 3 | |
| Destroyer Form | 1 | |
| Unholy Strength | 2 | |
9 total
» buildings
| Altar of Darkness | 1 | |
| Ziggurat | 8 | |
| Crypt | 1 | |
| Graveyard | 1 | |
| Spirit Tower | 8 | |
| Tomb of Relics | 1 | |
| Halls of the Dead | 2 | |
| Nerubian Tower | 1 | |
| Slaughterhouse | 2 | |
| Black Citadel | 1 | |
| Scout Tower | 11 | |
| Guard Tower | 11 | |
48 total
» build order
00:09 Altar of Darkness
00:11 Ziggurat
00:41 Crypt
01:00 Graveyard
02:28 Ziggurat
04:13 Spirit Tower
04:19 Ziggurat
04:28 Tomb of Relics
04:54 Halls of the Dead
04:54 Halls of the Dead
05:12 Nerubian Tower
06:03 Ziggurat
07:18 Slaughterhouse
07:19 Slaughterhouse
07:21 Black Citadel
11:31 Ziggurat
14:04 Ziggurat
15:31 Spirit Tower
17:26 Spirit Tower
18:36 Ziggurat
19:23 Ziggurat
19:28 Spirit Tower
21:13 Spirit Tower
21:13 Spirit Tower
21:13 Spirit Tower
21:14 Spirit Tower
25:04 Scout Tower
25:06 Scout Tower
25:08 Scout Tower
25:09 Scout Tower
25:45 Guard Tower
25:46 Guard Tower
25:46 Guard Tower
26:15 Scout Tower
26:28 Scout Tower
26:49 Guard Tower
26:49 Guard Tower
27:01 Guard Tower
27:01 Guard Tower
27:03 Scout Tower
27:30 Guard Tower
27:33 Scout Tower
27:38 Scout Tower
28:01 Guard Tower
28:10 Scout Tower
28:24 Scout Tower
» items
| Dust of Appearance | 1 | |
| Boots of Speed | 1 | |
| Staff of Teleportation | 1 | |
3 total
NAKID-YUNA. (
orange | 42 APM | 1227 actions | 29:10)
7 Mountain King
3 Storm Bolt
3 Bash
1 Avatar
» actions
| Assign group hotkey | 39 | |
| Basic commands | 2 | |
| Build / train | 88 | |
| Enter build submenu | 27 | |
| Enter hero's abilities submenu | 8 | |
| Give item / drop item | 3 | |
| Right click | 378 | |
| Select / deselect | 151 | |
| Select group hotkey | 379 | |
| Use ability | 152 | |
1227 total
» units
» upgrades
| Masonry | 3 | |
| Lumber Harvesting | 2 | |
| Magic Sentry | 1 | |
| Sorceress Training | 2 | |
8 total
» buildings
| Altar of Kings | 1 | |
| Farm | 3 | |
| Lumber Mill | 1 | |
| Scout Tower | 117 | |
| Arcane Tower | 2 | |
| Guard Tower | 40 | |
| Arcane Vault | 1 | |
| Keep | 1 | |
| Castle | 1 | |
| Arcane Sanctum | 1 | |
168 total
» build order
00:09 Altar of Kings
00:21 Farm
00:38 Lumber Mill
00:54 Scout Tower
01:22 Arcane Tower
01:23 Arcane Tower
01:26 Farm
01:41 Scout Tower
01:42 Scout Tower
02:08 Guard Tower
02:08 Guard Tower
02:20 Arcane Vault
02:35 Guard Tower
02:37 Scout Tower
02:38 Scout Tower
02:40 Scout Tower
02:41 Scout Tower
02:56 Farm
03:20 Guard Tower
03:56 Keep
03:59 Guard Tower
03:59 Guard Tower
04:08 Scout Tower
04:09 Scout Tower
04:12 Scout Tower
04:13 Scout Tower
04:32 Scout Tower
04:32 Scout Tower
04:33 Scout Tower
04:35 Scout Tower
04:36 Scout Tower
04:56 Guard Tower
05:27 Guard Tower
05:43 Guard Tower
05:46 Guard Tower
07:03 Castle
07:07 Guard Tower
07:07 Guard Tower
08:02 Scout Tower
08:02 Scout Tower
08:03 Scout Tower
08:06 Scout Tower
08:06 Scout Tower
08:13 Scout Tower
08:15 Scout Tower
08:16 Scout Tower
08:17 Scout Tower
08:19 Scout Tower
08:20 Scout Tower
08:21 Scout Tower
08:22 Scout Tower
08:23 Scout Tower
08:24 Scout Tower
08:25 Scout Tower
09:13 Guard Tower
09:32 Guard Tower
09:54 Guard Tower
10:34 Guard Tower
10:39 Scout Tower
10:40 Scout Tower
10:41 Scout Tower
10:42 Scout Tower
10:43 Scout Tower
10:44 Scout Tower
10:45 Scout Tower
10:47 Scout Tower
10:58 Scout Tower
10:59 Scout Tower
11:01 Scout Tower
11:02 Scout Tower
11:22 Guard Tower
11:23 Guard Tower
12:01 Guard Tower
12:48 Guard Tower
12:51 Scout Tower
12:52 Scout Tower
12:53 Scout Tower
12:54 Scout Tower
12:55 Scout Tower
12:56 Scout Tower
12:56 Scout Tower
12:57 Scout Tower
12:58 Scout Tower
13:49 Guard Tower
13:55 Scout Tower
13:56 Scout Tower
13:57 Scout Tower
13:57 Scout Tower
13:59 Scout Tower
14:00 Scout Tower
14:01 Scout Tower
14:02 Scout Tower
14:03 Scout Tower
14:04 Scout Tower
14:46 Scout Tower
14:49 Guard Tower
14:55 Guard Tower
15:10 Guard Tower
16:17 Guard Tower
18:07 Scout Tower
18:08 Scout Tower
18:09 Scout Tower
18:11 Scout Tower
18:12 Scout Tower
18:12 Scout Tower
18:13 Scout Tower
18:14 Scout Tower
18:15 Scout Tower
18:28 Arcane Sanctum
19:25 Guard Tower
19:27 Scout Tower
19:28 Scout Tower
19:28 Scout Tower
19:29 Scout Tower
19:30 Scout Tower
19:31 Scout Tower
19:32 Scout Tower
19:33 Scout Tower
19:34 Scout Tower
19:35 Scout Tower
19:38 Scout Tower
20:11 Guard Tower
20:43 Guard Tower
21:22 Guard Tower
22:03 Guard Tower
22:07 Scout Tower
22:08 Scout Tower
22:08 Scout Tower
22:09 Scout Tower
22:09 Scout Tower
22:09 Scout Tower
23:55 Guard Tower
23:55 Guard Tower
24:38 Scout Tower
24:41 Scout Tower
24:41 Scout Tower
24:42 Scout Tower
24:43 Scout Tower
24:44 Scout Tower
24:45 Scout Tower
24:46 Scout Tower
24:47 Scout Tower
24:48 Scout Tower
24:50 Scout Tower
24:50 Scout Tower
24:51 Scout Tower
24:51 Scout Tower
24:52 Scout Tower
24:52 Scout Tower
24:53 Scout Tower
24:53 Scout Tower
25:15 Guard Tower
25:44 Guard Tower
25:52 Scout Tower
25:53 Scout Tower
25:53 Scout Tower
25:54 Scout Tower
25:55 Scout Tower
25:55 Scout Tower
25:56 Scout Tower
25:57 Scout Tower
26:08 Guard Tower
26:22 Guard Tower
26:26 Guard Tower
26:39 Guard Tower
27:15 Guard Tower
» items
| Scroll of Regeneration | 4 | |
| Lesser Clarity Potion | 1 | |
| Staff of Teleportation | 1 | |
| Orb of Corruption | 1 | |
| Scroll of Town Portal | 1 | |
| Potion of Mana | 1 | |
| Potion of Lesser Invulnerability | 1 | |
| Potion of Invisibility | 1 | |
11 total

»
KingPeon (
blue | 24 APM | 618 actions | 25:43)
5 Mountain King
2 Storm Bolt
3 Bash
» actions
| Basic commands | 16 | |
| Build / train | 56 | |
| Enter build submenu | 17 | |
| Enter hero's abilities submenu | 5 | |
| Give item / drop item | 1 | |
| Right click | 220 | |
| Select / deselect | 246 | |
| Use ability | 56 | |
618 total
» units
| Peasant | 9 | |
| Footman | 10 | |
| Priest | 7 | |
| Knight | 6 | |
| Flying Machine | 3 | |
35 total
» upgrades
| Swords | 3 | |
| Priest Training | 2 | |
| Plating | 1 | |
| Lumber Harvesting | 1 | |
| Animal War Training | 1 | |
| Gunpowder | 1 | |
| Flak Cannons | 1 | |
| Flying Machine Bombs | 1 | |
11 total
» buildings
| Farm | 9 | |
| Altar of Kings | 2 | |
| Barracks | 2 | |
| Town Hall | 1 | |
| Keep | 1 | |
| Blacksmith | 1 | |
| Lumber Mill | 1 | |
| Castle | 1 | |
| Arcane Sanctum | 1 | |
| Workshop | 3 | |
22 total
» build order
00:08 Farm
00:11 Altar of Kings
00:14 Altar of Kings
00:32 Barracks
00:41 Farm
00:45 Farm
02:12 Farm
03:25 Farm
04:52 Town Hall
05:17 Keep
07:09 Blacksmith
07:12 Lumber Mill
07:16 Farm
07:16 Farm
07:41 Castle
07:45 Arcane Sanctum
10:58 Farm
10:59 Farm
13:31 Barracks
17:16 Workshop
17:17 Workshop
17:20 Workshop
» items
| Scroll of Town Portal | 1 | |
| Boots of Speed | 1 | |
2 total
janussunaj (
red | 25 APM | 614 actions | 24:27)
5 Paladin
3 Divine Shield
1 Holy Light
1 Devotion Aura
4 Archmage
1 Summon Water Elemental
2 Brilliance Aura
1 Blizzard
» actions
| Assign group hotkey | 36 | |
| Build / train | 74 | |
| Enter build submenu | 29 | |
| Enter hero's abilities submenu | 9 | |
| Give item / drop item | 1 | |
| Remove unit from queue | 1 | |
| Right click | 159 | |
| Select / deselect | 181 | |
| Select group hotkey | 53 | |
| Use ability | 71 | |
614 total
» units
| Peasant | 11 | |
| Rifleman | 5 | |
| Knight | 6 | |
| Siege Engine | 8 | |
| Forest Troll High Priest | 1 | |
| Assassin | 1 | |
| Rogue | 1 | |
| Mortar Team | 1 | |
34 total
» upgrades
| Gunpowder | 3 | |
| Masonry | 3 | |
| Long Rifles | 1 | |
| Lumber Harvesting | 1 | |
| Flare | 1 | |
| Animal War Training | 1 | |
| Barrage | 1 | |
| Plating | 2 | |
| Swords | 2 | |
| Fragmentation Shards | 1 | |
16 total
» buildings
| Farm | 13 | |
| Altar of Kings | 1 | |
| Blacksmith | 1 | |
| Scout Tower | 9 | |
| Arcane Vault | 1 | |
| Barracks | 1 | |
| Arcane Tower | 1 | |
| Lumber Mill | 1 | |
| Keep | 1 | |
| Guard Tower | 5 | |
| Workshop | 1 | |
| Castle | 1 | |
| Cannon Tower | 1 | |
37 total
» build order
00:28 Farm
00:52 Altar of Kings
01:03 Blacksmith
01:11 Farm
01:47 Scout Tower
02:04 Arcane Vault
02:22 Farm
02:35 Barracks
02:48 Arcane Tower
03:16 Farm
03:35 Lumber Mill
03:55 Farm
04:26 Keep
04:40 Scout Tower
05:12 Guard Tower
05:24 Scout Tower
06:12 Guard Tower
06:18 Farm
06:59 Farm
07:08 Workshop
07:44 Scout Tower
07:47 Castle
08:19 Guard Tower
08:25 Farm
11:03 Scout Tower
11:39 Cannon Tower
11:42 Farm
12:40 Scout Tower
12:58 Farm
13:21 Guard Tower
13:58 Farm
14:37 Farm
15:52 Scout Tower
15:58 Scout Tower
17:06 Guard Tower
17:50 Scout Tower
23:20 Farm
» items
| Orb of Fire | 1 | |
| Scroll of Town Portal | 2 | |
3 total
Chat log
(00:17 / All) NAKID-YUNA.: any of you guys like nakid chicks in final fantasy
(00:31 / Allies) janussunaj: units?
(00:39 / All) DrKlein: I AM NOT TURNING OFF MY VOICE AMPLIFIER WHETHER YOU WANT ME TO OR NOT, LOBOTOMITES.
(00:54 / All) GBYEJEWSGBYEJEW: GOODBYE JEWS GOODBYE JEWS GOODBYE JEWS
(01:04 / All) NAKID-YUNA.: HEIL HITLER
(01:09 / All) GBYEJEWSGBYEJEW: GOODBYE JEWS GOODBYE JEWS GOODBYE JEWS GOODBYE JEWS GOODBYE JEWS GOODBYE JEWS GOODBYE JEWS GOODBYE JEWS GOODBYE JEWS
(01:13 / All) DrKlein: NEIN
(01:27 / All) GBYEJEWSGBYEJEW: GOODBYE JEWS GOODBYE JEWS GOODBYE JEWS GOODBYE JEWS GOODBYE JEWS GOODBYE JEWS GOODBYE JEWS GOODBYE JEWS GOODBYE JEWS
(01:34 / All) NAKID-YUNA.: NEIN
(01:35 / All) DrKlein: WILOUGHBY? MAYBE IT'S WISHFUL THINKING NESLTED IN A HIDDEN PART OF A MAN'S MIND, OR MAYBE IT'S THE LAST STOP IN THE VAST DESIGN
(01:36 / All) ShAdOw-KilLa: whats wrong w1th people now a days
(01:36 / Allies) DrKlein: OF THINGS
(01:38 / All) DrKlein: OF THINGS
(01:43 / All) GBYEJEWSGBYEJEW: GOODBYE JEWS GOODBYE JEWS GOODBYE JEWS GOODBYE JEWS GOODBYE JEWS GOODBYE JEWS GOODBYE JEWS GOODBYE JEWS GOODBYE JEWS
(01:58 / All) DrKlein: OR PERHAPS FOR A MAN LIKE MR. GART WILLIAMS IT'S, WHO CLIMBED ON A WORLD THAT WENT BY TOO FAST, IT'S A PLACE AROUND THE BEND FO
(02:03 / All) DrKlein: R HIM TO JUMP OFF
(02:14 / All) DrKlein: WILOUGHBY? WHATEVER IT IS, IT COMES WITH SUNLIGHT AND SERENITY
(02:16 / All) GBYEJEWSGBYEJEW: GOODBYE JEWS GOODBYE JEWS GOODBYE JEWS GOODBYE JEWS GOODBYE JEWS GOODBYE JEWS GOODBYE JEWS GOODBYE JEWS GOODBYE JEWS
(02:20 / All) DrKlein: AND IS A PAT OF THE TWILIGHT ZONE
(02:27 / All) GBYEJEWSGBYEJEW: GOODBYE JEWS GOODBYE JEWS GOODBYE JEWS GOODBYE JEWS GOODBYE JEWS GOODBYE JEWS GOODBYE JEWS GOODBYE JEWS GOODBYE JEWS
(03:27 / All) GBYEJEWSGBYEJEW: GOODBYE JEWS GOODBYE JEWS GOODBYE JEWS GOODBYE JEWS GOODBYE JEWS GOODBYE JEWS GOODBYE JEWS GOODBYE JEWS GOODBYE JEWS
(03:32 / All) NAKID-YUNA.: I GOT A REMOTE CONTORL CAR FOR MY BROTHER IN LAWL
(03:42 / All) NAKID-YUNA.: looks tight
(03:43 / All) GBYEJEWSGBYEJEW: GOODBYE JEWS GOODBYE JEWS GOODBYE JEWS GOODBYE JEWS GOODBYE JEWS GOODBYE JEWS GOODBYE JEWS GOODBYE JEWS GOODBYE JEWS
(03:51 / All) NAKID-YUNA.: u point a laser at it to move it
(04:17 / All) GBYEJEWSGBYEJEW: GOODBYE JEWS GOODBYE JEWS GOODBYE JEWS
(04:36 / Allies) DrKlein: GOLD PLEASE
(04:40 / Allies) DrKlein: ORC FAGGOT HARASSED DR. KLEIN
(04:57 / Allies) DrKlein: GOOD JOB
(05:09 / Allies) NAKID-YUNA.: raise ur hand if u wish to speak
(05:27 / Allies) DrKlein: NOBODY PERMITTED YOU TO TALK DOWN TO DR. KLEIN, LOBOTOMITE.
(06:10 / All) KingPeon: cunt ..
(06:15 / All) KingPeon: hope your mother falls down the stairs
(06:21 / All) GBYEJEWSGBYEJEW: GOODBYE JEWS GOODBYE JEWS GOODBYE JEWS GOODBYE JEWS GOODBYE JEWS GOODBYE JEWS GOODBYE JEWS GOODBYE JEWS GOODBYE JEWS
(06:57 / All) NAKID-YUNA.: jackass shadow killer
(06:57 / All) DrKlein: NICE TP
(07:01 / All) GBYEJEWSGBYEJEW: GOODBYE JEWS GOODBYE JEWS GOODBYE JEWS GOODBYE JEWS GOODBYE JEWS GOODBYE JEWS GOODBYE JEWS GOODBYE JEWS GOODBYE JEWS
(08:23 / Allies) DrKlein: CREEP THE MIDDLE, LOBOTOMITES.
(08:39 / Allies) NAKID-YUNA.: i always get creep jacked here
(08:42 / Allies) NAKID-YUNA.: watch
(08:43 / Allies) NAKID-YUNA.: us
(09:06 / Allies) janussunaj: fuck you oj
(09:19 / Allies) NAKID-YUNA.: i took his tome of strength
(09:21 / Allies) NAKID-YUNA.: lawl
(09:28 / Allies) DrKlein: OWNED LOBOTOMITE
(10:04 / Allies) KingPeon: really o?
(10:37 / Allies) DrKlein: NO BM BUT A SHADE INSTEAD
(11:27 / Allies) KingPeon: red morts?
(11:33 / Allies) janussunaj: tanks
(11:34 / Allies) NAKID-YUNA.: we're gonna get raped
(11:42 / Allies) DrKlein: AND LIKE IT, TOO
(11:45 / Allies) NAKID-YUNA.: red and blue apparently think enemy expos are good for our health
(11:49 / All) GBYEJEWSGBYEJEW: GOODBYE JEWS GOODBYE JEWS GOODBYE JEWS GOODBYE JEWS GOODBYE JEWS GOODBYE JEWS GOODBYE JEWS GOODBYE JEWS GOODBYE JEWS
(12:04 / Allies) KingPeon: mass towers and no units are even better.
(12:14 / All) GBYEJEWSGBYEJEW: GOODBYE JEWS GOODBYE JEWS GOODBYE JEWS GOODBYE JEWS GOODBYE JEWS GOODBYE JEWS GOODBYE JEWS GOODBYE JEWS GOODBYE JEWS
(12:17 / Allies) NAKID-YUNA.: more useful than ur 40% ass
(12:42 / Allies) NAKID-YUNA.: bad creep jack attempt pink
(12:50 / Allies) KingPeon: yea im thankful to to get stuck with faggots like you all the time
(12:56 / Allies) DrKlein: I ONLY WANTED THE XP AND GOT IT FROM 3/4 OF THE ENEMIES
(13:01 / Allies) DrKlein: ALONG WITH XP FROM THE CAMP WHERE I WAS
(13:25 / Allies) NAKID-YUNA.: ty for item blue
(14:16 / All) DrKlein: JESUS FUCKING CHRIST ORC IS OVERPOWERED
(14:20 / Allies) DrKlein: GIVE ME GOLD
(14:26 / Allies) NAKID-YUNA.: no they arente moron
(14:28 / Allies) DrKlein: MORE YOU GREEDY FUCKS
(14:32 / Allies) DrKlein: YES THEY ARE, BM ALONE IS IMBA
(14:35 / Allies) NAKID-YUNA.: bats are so damn easy to defend
(14:42 / Allies) DrKlein: GIVE ME GOLD FAGGOTS
(14:56 / Allies) NAKID-YUNA.: wood
(15:00 / Allies) DrKlein: RED, YOU HAVE 400 GOLD AND I NEED IT MORE. GIVE ME IT.
(15:33 / Allies) NAKID-YUNA.: we're gonna get raped, 3 expos vs none is so obvious
(15:38 / Allies) DrKlein: OUR ALLIES SUCK
(16:06 / Allies) DrKlein: ORB OF FROST, PRO
(16:18 / Allies) KingPeon: get tanks here
(16:25 / Allies) DrKlein: HELP FAGGOTS
(16:26 / Allies) DrKlein: TP
(17:02 / Allies) NAKID-YUNA.: there goes ur dest
(17:04 / Allies) NAKID-YUNA.: lalw
(17:11 / Allies) DrKlein: WYRMS CAN'T ATTACK MAGIC IMMUNE RETARD
(17:15 / Allies) DrKlein: OVERPOWERED ORCS CAN
(17:32 / Allies) NAKID-YUNA.: they aren't overpowered they die fast
(17:34 / Allies) DrKlein: GIVE ME GOLD FAGGOTS
(17:40 / Allies) DrKlein: ORCTRASH IS ETERNALLY OVERPOWERED
(17:56 / Allies) NAKID-YUNA.: why are we not hitting expos
(18:02 / Allies) DrKlein: BECAUSE OUR TEAM SUCKS
(18:08 / Allies) janussunaj: lets move
(18:16 / Allies) KingPeon: wait for copters
(18:46 / Allies) janussunaj: come pink
(18:52 / Allies) DrKlein: I HAVE LIKE 4 UNITS BUT OKAY
(19:01 / Allies) janussunaj: we lose anyway
(19:07 / Allies) DrKlein: OP ORCTRASH
(19:22 / All) KingPeon: w.e we lost anyways
(19:30 / Allies) janussunaj: main
(19:31 / All) KingPeon: one idiot is massing towers the other doesnt have any units
(19:32 / Allies) janussunaj: main
(19:39 / All) DrKlein: BECAUSE THEY ALL DIED TO OVERPOWERED ORC TRASH
(20:58 / Allies) KingPeon: wait for red to come back
(21:35 / Allies) DrKlein: THEY WILL ATTACK ME
(21:37 / Allies) DrKlein: HELP NIGGERS
(21:43 / Allies) NAKID-YUNA.: no
(21:51 / Allies) KingPeon: you suck so your not that big of a loss
(22:07 / Allies) DrKlein: STFU BLUE YOU HAVE NO BASE
(22:57 / Allies) NAKID-YUNA.: blue ur a moron
(23:01 / All) KingPeon: really?
(23:06 / All) DrKlein: YES
(23:10 / Allies) NAKID-YUNA.: u lost ur entire army running
(23:15 / All) DrKlein: YOU ARE FULL RETARD, MY LITTLE LOBOTOMITE TEDDY BEAR
(23:49 / Allies) KingPeon: think yoiu need some more towers oj
(23:54 / Allies) DrKlein: AGREED
(24:22 / Allies) NAKID-YUNA.: u actually think im trying? u lost ur entire army in 5 sec
(24:31 / Allies) DrKlein: BLUE IS A LOBOTOMITE
(24:34 / Allies) DrKlein: HE HAS NO FRONTAL LOBE
(24:37 / Allies) DrKlein: IT WAS REMOVED IN SURGERY
(25:38 / Allies) NAKID-YUNA.: tp inside meh base we are safe
(26:05 / All) DrKlein: FOR THE BITCH KING
(26:40 / Allies) DrKlein: ABOM IS CONFUSED
(27:22 / Allies) DrKlein: BLUE GAVE ME SHIT
(27:23 / Allies) DrKlein: THERE IT IS
(28:06 / All) ShAdOw-KilLa: tower noob
(28:18 / All) DrKlein: UNDEAD NOOB THAT GOT RAPED AND HAS NO SIEGE
(28:21 / All) NAKID-YUNA.: shut up "shadow killer"
(28:57 / All) NAKID-YUNA.: u guys sure do have horrible records
(29:03 / All) ShAdOw-KilLa: meant red
(29:08 / All) GBYEJEWSGBYEJEW: GOODBYE JEWS GOODBYE JEWS GOODBYE JEWS GOODBYE JEWS GOODBYE JEWS GOODBYE JEWS GOODBYE JEWS GOODBYE JEWS GOODBYE JEWS